Map: Dragon Scales LE

Players

Toundra - Winner!

  • Race: Terran Terran
  • League: Master
  • Spawn Location: 5:00

NeWHoriZonS

  • Race: Protoss Protoss
  • League: Master
  • Spawn Location: 11:00

VOD

Have the link to the VOD?

Description

Time

  • Played on: Sept. 12, 2023, 9:28 a.m.
  • Length: 13:00
Show
View Real Time Build Order
Export as new Build Order

Toundra Terran - Winner!

Build Orders: Reaper Expand 

Get SALT Encoding   

  12  0:00  SCV  
  13  0:12  SCV  
  14  0:17  Supply Depot  
  14  0:24  SCV  
  15  0:38  SCV  
  15  0:40  Barracks  
  16  0:45  Refinery  
  16  0:50  SCV  
  17  1:03  SCV  
  18  1:15  SCV  
  19  1:27  Reaper  
  19  1:28  Orbital Command  
  20  1:42  Command Center  
  20  1:56  Command Center  
  20  1:57  Refinery  
  20  1:58  SCV  
  21  2:03  Barracks Reactor  
  21  2:15  Supply Depot  
  20  2:19  SCV  
  21  2:22  Factory  
  21  2:31  SCV  
  22  2:41  Marine x2  
  24  2:47  SCV  
  25  2:59  Marine x2, SCV  
  28  3:09  Hellion  
  30  3:13  Orbital Command  
  30  3:14  Starport  
  30  3:18  Marine  
  31  3:22  SCV  
  32  3:32  Hellion  
  30  3:39  Marine x2  
  27  3:43  SCV  
  26  3:52  Viking  
  28  3:56  Marine  
  28  4:00  SCV  
  27  4:04  SCV  
  24  4:11  Widow Mine  
  24  4:15  Marine x2  
  27  4:18  SCV  
  26  4:33  Marine  
  26  4:34  SCV  
  26  4:37  Widow Mine, Medivac  
  30  4:50  SCV  
  30  4:51  SCV  
  32  4:58  Widow Mine  
  34  5:02  Marine  
  34  5:03  Marine, SCV x2  
  36  5:14  Starport Tech Lab  
  36  5:15  SCV x2  
  38  5:31  Factory Tech Lab  
  38  5:33  Orbital Command  
  38  5:35  SCV  
  43  5:39  Raven  
  43  5:40  Marine x2  
  40  5:47  SCV  
  39  5:56  Siege Tank  
  42  5:59  SCV  
  42  6:00  Supply Depot  
  42  6:01  SCV  
  42  6:03  Barracks  
  45  6:11  SCV  
  45  6:13  SCV  
  44  6:23  SCV  
  37  6:26  SCV  
  37  6:30  Bunker  
  37  6:32  Marine  
  39  6:35  SCV  
  39  6:38  Siege Tank  
  39  6:39  Barracks  
  43  6:43  SCV  
  44  6:47  SCV  
  44  6:50  Marine  
  44  6:51  Marine  
  47  6:55  SCV  
  47  6:58  Supply Depot  
  47  6:59  SCV  
  49  7:07  SCV  
  47  7:13  Starport Reactor  
  47  7:14  Barracks Reactor  
  49  7:22  SCV x2  
  51  7:25  Engineering Bay  
  51  7:27  Refinery  
  51  7:29  Supply Depot  
  51  7:34  SCV  
  50  7:42  Barracks Tech Lab  
  50  7:47  Marine  
  50  7:48  Marine  
  50  7:49  Siege Tank  
  50  7:50  SCV  
  54  7:51  Terran Infantry Weapons Level 1  
  54  7:53  Medivac x2  
  54  7:54  Marine x2  
  60  8:02  SCV x2  
  57  8:05  Marine x2  
  57  8:12  Marine  
  53  8:14  SCV x2  
  52  8:21  Stimpack  
  52  8:26  SCV  
  53  8:27  SCV  
  53  8:32  Medivac  
  56  8:38  SCV  
  57  8:47  Marine x4  
  57  8:48  Marine  
  62  8:49  Siege Tank  
  62  8:50  SCV  
  62  8:54  SCV  
  67  9:01  Supply Depot  
  67  9:02  SCV  
  68  9:05  Marine x2  
  70  9:13  Marauder  
  70  9:22  SCV x2  
  72  9:38  Marine x4  
  72  9:39  Marine  
  72  9:43  Siege Tank  
  78  9:53  Ghost Academy  
  78  9:56  SCV x2, Barracks  
  78  9:57  Supply Depot  
  80  10:06  Marine x2  
  85  10:10  Medivac x2  
  86  10:20  Supply Depot  
  86  10:21  Ghost  
  86  10:26  Combat Shield  
  88  10:34  Marine x4  
  92  10:42  Siege Tank  
  77  10:59  Marine x4  
  83  11:06  Ghost  
  83  11:07  Barracks Tech Lab  
  82  11:23  Marine x4  
  82  11:24  Siege Tank  
  82  11:25  Liberator  
  92  11:30  Supply Depot  
  92  11:34  Ghost  
  94  11:41  Ghost  
  94  11:42  Marine  
  94  11:43  Marine x2  
  99  11:51  Marine  
  100  11:55  SCV  
  100  12:00  Marine  
  102  12:03  Ghost  
  102  12:05  Marine  
  105  12:10  Marauder  
  104  12:38  Marine x3  
Show
View Real Time Build Order
Export as new Build Order

NeWHoriZonS Protoss 

Build Orders: Oracle Opening 

Get SALT Encoding   

  12  0:00  Probe  
  13  0:12  Probe  
  14  0:17  Pylon  
  14  0:24  Probe (Chrono Boost)  
  15  0:36  Probe (Chrono Boost)  
  15  0:38  Gateway  
  16  0:45  Probe (Chrono Boost)  
  16  0:46  Assimilator  
  17  0:50  Probe  
  18  1:03  Probe  
  19  1:04  Pylon  
  19  1:05  Assimilator  
  19  1:15  Probe  
  20  1:25  Cybernetics Core  
  20  1:27  Probe  
  20  1:30  Zealot  
  23  1:39  Probe  
  24  1:51  Probe  
  25  1:58  Adept (Chrono Boost)  
  25  2:02  Stargate  
  27  2:11  Warp Gate  
  27  2:22  Nexus  
  27  2:30  Pylon  
  27  2:33  Probe  
  28  2:43  Oracle (Chrono Boost)  
  31  2:55  Probe  
  32  3:10  Oracle (Chrono Boost)  
  33  3:17  Probe  
  33  3:29  Probe  
  33  3:37  Oracle (Chrono Boost)  
  33  3:38  Probe  
  37  3:41  Probe  
  38  3:50  Probe  
  38  3:52  Twilight Council  
  38  3:54  Probe  
  40  4:02  Probe  
  41  4:06  Probe  
  42  4:14  Probe  
  43  4:17  Gateway  
  43  4:18  Probe  
  43  4:20  Gateway  
  44  4:26  Stalker, Probe  
  44  4:30  Probe  
  43  4:33  Blink (Chrono Boost)  
  40  4:39  Probe  
  41  4:51  Probe x2  
  42  4:55  Stalker  
  43  5:03  Probe x2  
  45  5:15  Probe  
  45  5:17  Stalker, Assimilator, Gateway  
  45  5:18  Assimilator, Pylon  
  45  5:19  Stalker, Probe  
  51  5:27  Probe  
  52  5:31  Probe  
  52  5:33  Pylon  
  53  5:39  Probe  
  54  5:44  Probe  
  55  5:51  Probe  
  55  5:53  Stalker x3  
  63  6:00  Probe  
  63  6:02  Pylon  
  63  6:03  Pylon x2  
  60  6:12  Stalker  
  60  6:23  Stalker x2  
  64  6:28  Probe  
  64  6:30  Probe  
  66  6:35  Stalker  
  65  6:40  Probe  
  65  6:41  Oracle (Chrono Boost)  
  69  7:02  Nexus  
  69  7:03  Pylon  
  69  7:04  Probe x2  
  69  7:16  Probe  
  69  7:17  Probe  
  69  7:20  Charge (Chrono Boost), Pylon  
  69  7:22  Templar Archives  
  71  7:28  Probe  
  72  7:31  Probe  
  71  7:40  Probe  
  72  7:46  Probe  
  69  7:52  Probe  
  70  7:58  Psionic Storm  
  70  7:59  High Templar x3  
  70  8:00  High Templar, Gateway  
  70  8:01  Gateway, Probe  
  77  8:05  Probe  
  74  8:13  Probe  
  74  8:15  Probe  
  74  8:18  Probe  
  77  8:26  Probe  
  75  8:27  Gateway  
  75  8:28  Pylon  
  75  8:30  Gateway  
  75  8:36  Assimilator  
  75  8:38  Assimilator  
  75  8:40  Probe x2  
  77  8:46  Probe  
  77  8:47  Pylon x2  
  78  8:50  Stalker x4  
  78  8:52  Probe  
  78  8:53  Pylon x2  
  85  9:13  Zealot x6  
  97  9:18  Gateway  
  97  9:19  Gateway  
  97  9:20  Robotics Facility  
  96  9:30  Zealot x2  
  98  9:33  Stalker x3  
  104  9:54  Pylon  
  104  9:55  Pylon  
  104  9:56  Pylon, Zealot x3  
  110  10:14  Forge  
  110  10:27  Robotics Facility  
  109  10:32  Pylon  
  109  10:33  Pylon  
  109  10:34  Zealot x2  
  113  10:42  Nexus  
  83  10:54  Zealot x10  
  101  11:08  Protoss Ground Weapons Level 1 (Chrono Boost)  
  101  11:09  Robotics Facility  
  101  11:10  Robotics Facility  
  101  11:23  Observer (Chrono Boost)  
  102  11:27  Robotics Bay  
  102  11:31  High Templar  
  102  11:32  High Templar x5  
  112  11:33  High Templar x2  
  112  11:36  Warp Prism (Chrono Boost), Archon  
  112  11:37  Archon x3  
  112  11:38  Pylon  
  112  11:39  Assimilator  
  120  11:40  Assimilator  
  120  11:44  Probe  
  120  11:45  Probe x2  
  123  11:56  Probe  
  123  11:57  Probe x2  
  120  12:08  Probe  
  120  12:14  Zealot x10  
  110  12:36  Zealot x4  
  110  12:37  Zealot x3  
  115  12:50  Zealot x2  
  95  12:56  Zealot x4  
Tags
 
Add a new tag
Caveats
  • Supply blocks, unpowered buildings, or Contaminate may cause inaccurate times.
  • Supply counts are checked every 10 seconds.